 Dungeon Crawl Stone Soup version 0.17.2-1-ge4368a0 (webtiles) character file.

28 TheWearerOfSilk the Insei (level 3, -1/29 HPs)
             Began as a Mummy Monk on Apr 30, 2017.
             Slain by an adder (4 damage)
             ... on level 2 of the Dungeon.
             The game lasted 00:01:19 (722 turns).

TheWearerOfSilk the Insei (Mummy Monk)               Turns: 722, Time: 00:01:19

Health: -1/29      AC:  1    Str: 14    XL:     3   Next: 0%
Magic:  3/3        EV: 13    Int:  9    God:
Gold:   36         SH:  0    Dex: 15    Spells: 0 memorised, 2 levels left

rFire  x . .     SeeInvis .       - Unarmed
rCold  + . .     Clarity  .     (no armour)
rNeg   + + +     SustAt   .     (no shield)
rPois  ∞         Gourm    .     (no helmet)
rElec  .         Spirit   .     c - +0 cloak
rCorr  .         Warding  .     (no gloves)
rMut   .         Stasis   .     (no boots)
MR     .....                    (no amulet)
Stlth  ++........               (no ring)
                                (no ring)

@: not resistant to hostile enchantments, unstealthy
A: no food or potions, fire vulnerability, cold resistance 1, negative energy
resistance 3, torment resistance, unbreathing
a: no special abilities


You were on level 2 of the Dungeon.
You were not hungry.

You visited 1 branch of the dungeon, and saw 2 of its levels.

You collected 36 gold pieces.


Innate Abilities, Weirdness & Mutations

You do not eat or drink.
Your flesh is vulnerable to fire.
You are immune to poison.
Your flesh is cold resistant.
You are immune to negative energy.
You are immune to unholy pain and torment.
You can survive without breathing.


   Skills:
 - Level 3.0 Fighting
 - Level 2.4 Dodging
 - Level 1.5 Stealth
 + Level 4.1 Unarmed Combat


You had 2 spell levels left.
You didn't know any spells.

Inventory:

Armour
 c - a +0 cloak (worn)
Scrolls
 a - 3 scrolls of noise {unknown}
 b - a scroll of magic mapping {unknown}
 d - a scroll of identify {unknown}

Dungeon Overview and Level Annotations

Branches:
Dungeon (2/15)

Altars:

▒▒..▒▒▒ ▒.▒ ▒▒▒▒...▒▒▒▒▒ ▒.▒ ▒▒
. ▒.......)..▒ ▒.▒ ..▒.▒
▒..........▒ ▒▒▒.▒▒ ....▒
▒..........▒▒▒▒▒▒ ▒....▒ ....▒
▒...............▒ ▒....▒▒...▒▒▒
▒........<....▒.▒▒ ▒..).▒.<.....
▒..........▒▒....▒▒▒..........▒
▒..........▒▒▒▒▒M)............▒
▒..........▒▒.gS.......÷......▒
▒▒▒▒▒▒▒▒▒▒▒▒▒(l▒▒▒▒.............
)...............................
▒▒▒▒....<.......................
▒▒▒▒▒...▒▒▒▒▒▒..K▒▒▒.▒▒..▒▒▒▒...
▒......▒▒ ▒▒▒...▒.▒▒..▒ .▒.
▒▒▒.▒▒.▒ ▒▒▒...▒▒..▒ ▒..▒.▒▒▒▒▒
▒▒.▒▒▒..▒▒▒▒▒▒..


You could see an adder, a goblin and a giant newt.


Message History

You take 1 damage, and have 9/29 hp!
The adder completely misses you! The adder misses you!
You miss the adder! The adder bites you! * * * don't die
* * * You take 2 damage, and have 7/29 hp!
You closely miss the adder! The adder closely misses you!
You beat the adder into a bloody pulp!
The adder is moderately wounded!
The adder barely misses you! The adder bites you! * * * don't die
* * * The giant newt hisses menacingly!
You take 1 damage, and have 6/29 hp!
You barely miss the adder!
The adder is moderately wounded!
The adder bites you! * * * don't die
* * * You take 4 damage, and have 2/29 hp!
You pulverise the adder!
The adder is severely wounded!
The adder misses you!
You miss the adder!
The adder is severely wounded!
The adder closely misses you!
You miss the adder!
The adder is severely wounded!
The adder closely misses you!
You pulverise the adder!
The adder is severely wounded!
The adder bites you! rip

Action                   || total
-------------------------++-------
Melee: Unarmed           ||    74
 Stab: Sleeping          ||     1

Vault maps used:
D:1:      minmay_arrival_cross, serial_forest, infiniplex_forest_zigzag_1,
          infiniplex_forest_lined_4_way, infiniplex_forest_lined_corner,
          infiniplex_forest_straight_3

Notes
Turn   | Place    | Note
--------------------------------------------------------------
     0 | D:1      | TheWearerOfSilk the Mummy Monk began the quest for the Orb.
     0 | D:1      | Reached XP level 1. HP: 18/18 MP: 1/1
   127 | D:2      | Reached XP level 2. HP: 16/24 MP: 2/2
   436 | D:2      | Reached skill level 4 in Unarmed Combat
   681 | D:2      | Reached XP level 3. HP: 20/29 MP: 3/3
   718 | D:2      | HP: 2/29 [adder (4)]
   722 | D:2      | Slain by an adder

Vanquished Creatures
  An adder (D:2)
  2 ball pythons
  A hobgoblin (D:2)
  5 kobolds (D:2)
  A bat (D:2)
  4 giant newts (D:2)
  2 goblins (D:1)
  4 rats
20 creatures vanquished.
